 Dungeon Crawl Stone Soup version 0.19-a0-1720-gc855d72 (webtiles) character file.

432 Iwannabefree the Conjurer (level 6, -1/48 HPs)
             Began as a Demonspawn Conjurer on Sept 29, 2016.
             Was a Believer of Yredelemnul.
             Killed from afar by a slave zombie (42 damage)
             ... with an exploding inner flame
             ... animated by the player character
             ... hexed by the player character
             ... on level 4 of the Dungeon.
             The game lasted 00:11:41 (3450 turns).

Iwannabefree the Conjurer (Demonspawn Conjurer)     Turns: 3450, Time: 00:11:42

Health: -1/48      AC:  8    Str: 10    XL:     6   Next: 67%
Magic:  6/10       EV: 11    Int: 17    God:    Yredelemnul [**....]
Gold:   296        SH:  0    Dex: 13    Spells: 2 memorised, 8 levels left

rFire  . . .     SeeInvis .     d - +1 dagger (venom)
rCold  + . .     Gourm    .     u - +0 leather armour
rNeg   . . .     Faith    .     (no shield)
rPois  .         Spirit   .     s - +0 helmet
rElec  .         Dismiss  .     a - +0 cloak
rCorr  .         Reflect  .     (no gloves)
MR     .....     Harm     .     (no boots)
Stlth  ++........               (no amulet)
                                (no ring)
                                (no ring)

@: no status effects
A: iridescent scales 1, cold resistance 1, spiny 1, freezing cloud immunity
a: Animate Remains, Recall Undead Slaves, Injury Mirror, Renounce Religion


You were on level 4 of the Dungeon.
You worshipped Yredelemnul.
Yredelemnul was pleased with you.
You were not hungry.

You visited 1 branch of the dungeon, and saw 4 of its levels.

You collected 296 gold pieces.

Inventory:

Hand Weapons
 d - a +1 dagger of venom (weapon)
Armour
 a - a +0 cloak (worn)
 s - a +0 helmet (worn)
 u - a +0 leather armour (worn)
Wands
 i - a wand of paralysis (16/24)
Scrolls
 e - a scroll of amnesia {unknown}
 h - 3 scrolls of identify
 k - 4 scrolls of remove curse
 l - a scroll of teleportation
 m - a scroll of recharging
 o - 2 scrolls of immolation
Potions
 f - a potion of magic {unknown}
 g - 2 potions of curing
 n - a potion of flight {unknown}
 q - a potion of haste {unknown}
 r - 3 potions of brilliance {unknown}
 v - a potion of agility {unknown}
Books
 b - a book of Conjurations

   Spells                             Type                      Level
   a - Magic Dart                     Conjuration                  1
   b - Searing Ray                    Conjuration                  2
   c - Dazzling Spray                 Conjuration/Hexes            3
   d - Fulminant Prism                Conjuration/Hexes            4
   e - Iskenderun's Mystic Blast      Conjuration                  4
   f - Iskenderun's Battlesphere      Conjuration/Charms           5
Comestibles
 c - 2 bread rations
 j - 2 meat rations
 p - 2 chunks of flesh


   Skills:
 + Level 3.7 Fighting
 - Level 1.7 Dodging
 - Level 1.7 Stealth
 - Level 3.3 Spellcasting
 - Level 5.3 Conjurations
 - Level 4.1 Invocations


You had 8 spell levels left.
You knew the following spells:

 Your Spells              Type           Power        Failure   Level  Hunger
a - Magic Dart            Conj           ###.         2%          1    None
b - Searing Ray           Conj           ###...       4%          2    ##.....


Dungeon Overview and Level Annotations

Branches:
Dungeon (4/15)
 Temple: D:4-7

Altars:
Elyvilon
Ru
Xom
Yredelemnul

Annotations:
D:4 Pikel


Innate Abilities, Weirdness & Mutations

You are partially covered in iridescent scales. (AC +2)
Your flesh is cold resistant. (rC+)
You are partially covered in sharp spines.
You are immune to freezing clouds.


Message History

Your slave zombie is heavily damaged.
You now have 8/10 mp.
The searing ray hits the slave zombie.
The slave zombie is heavily damaged.
You now have 7/10 mp.
The searing ray hits the slave zombie.
The slave zombie is heavily damaged.
The slave zombie is struck by your spines.
The slave zombie hits you.
You take 1 damage, and have 41/48 hp.
You now have 6/10 mp.
The searing ray hits the slave zombie.
The slave zombie is almost destroyed.
The searing ray hits the adder.
The adder explodes!
The fiery explosion engulfs the slave zombie.
The slave zombie explodes!
The fiery explosion engulfs you!
Ouch! That really hurt!
You die...
Your body rises from the dead as a mindless zombie.

.. ..........#
# # .........#
###........
...y.....#
#...K...# ###
#..y....# #.#
#....y..#
#.#########§#
#........@§y#
######..#####
##.# #
#.####...#
#.........
#.#.##...#
#.#.# # #.#.#
###########.#.#


You could see 2 killer bees.

Vanquished Creatures
  Sigmund (D:2)
  4 slaves (D:4)
  A killer bee (D:4)
  Robin (D:4)
  7 gnolls
  8 adders
  2 worms (D:3)
  A dart slug (D:3)
  3 leopard geckos
  4 orcs (D:3)
  3 giant cockroaches
  10 goblins
  6 hobgoblins
  10 jackals
  5 kobolds
  A quokka (D:3)
  4 bats
  3 frilled lizards
  9 rats
83 creatures vanquished.

Vanquished Creatures (collateral kills)
  A hobgoblin (D:3)
  A rat (D:3)
  2 plants (D:3)
4 creatures vanquished.

Grand Total: 87 creatures vanquished

Notes
Turn   | Place    | Note
-------+----------+-------------------------------------------
     0 | D:1      | Iwannabefree the Demonspawn Conjurer began the quest for the Orb.
     0 | D:1      | Reached XP level 1. HP: 13/13 MP: 3/3
    18 | D:1      | Iwannabefree: ??demonspawn [2]
    18 | D:1      | beem: ds mutation rules[1/5]: Assuming you aren't monstrous, you get five facets, each consisting of three mutations (which usually just stack together). You will get one scales-type facet, one body-slot facet, two tier 2 facets, and one tier 3 facet.
    18 | D:1      | Iwannabefree: ??demonspawn [3]
    18 | D:1      | beem: demonspawn[3/4]: Demonspawn enemies live in Pan. There are five bases of mutation clumpings and god-based classes, akin to draconians. Monstrous Ds have auxes and high health, gelid Ds have rC++ and 10 ac until hit with fire once, infernal Ds have rF++ and af_fire, putrid Ds heal from any ally deaths in LOS, torturous Ds have spines, augmentation, PbP.
   152 | D:1      | Gained mutation: Your flesh is cold resistant. (rC+) [demonic ancestry]
   152 | D:1      | Reached XP level 2. HP: 19/19 MP: 0/5
   357 | D:1      | Found a shimmering altar of Xom.
   907 | D:2      | Found a basalt altar of Yredelemnul.
   913 | D:2      | Gained mutation: You are partially covered in sharp spines. [demonic ancestry]
   913 | D:2      | Reached XP level 3. HP: 24/24 MP: 7/7
   933 | D:2      | Found a sacrificial altar of Ru.
   937 | D:2      | Found a white marble altar of Elyvilon.
   948 | D:2      | Became a worshipper of Yredelemnul the Dark
  1152 | D:2      | Noticed Sigmund
  1157 | D:2      | Learned a level 2 spell: Searing Ray
  1299 | D:3      | Reached skill level 5 in Conjurations
  1320 | D:3      | Reached XP level 4. HP: 26/30 MP: 1/8
  1525 | D:3      | Reached * piety under Yredelemnul
  1652 | D:3      | Iwannabefree: ??invocations
  1652 | D:3      | beem: invocations[1/3]: Used by TSO, Beogh, Cheibriados, Dithmenos, Elyvilon, Fedhas, Lugonu, Makhleb, Okawaru, Qazlal, Sif Muna, Yredelemnul, Zin. Not used by Ashenzari, Gozag, Jiyva, Kikubaaqudgha, Nemelex Xobeh, Pakellas, Ru, Trog, Vehumet, Xom.
  1766 | D:3      | Reached skill level 1 in Invocations
  2045 | D:3      | Reached skill level 1 in Fighting
  2045 | D:3      | Gained mutation: You are partially covered in iridescent scales. (AC +2) [demonic ancestry]
  2045 | D:3      | Reached XP level 5. HP: 33/37 MP: 2/9
  2048 | D:3      | Iwannabefree: ??iridescent scales
  2048 | D:3      | beem: scales[2/2]: Molten [2, 3, 4 rF+]; Icy [2, 3, 4 rC+]; Yellow [2, 3, 4 rCorr]; Green [2, 3, 4 rPois]; Metallic [2, 3, 4 rElec]; Iridescent [2, 4, 6] Bone Plates [2 SH+2, 3 SH+3, 4 SH+4]; Black [2 Dex-1, 5 Dex-2, 8 Dex-3]; Brown [1 +3% HP, 2 +5% HP, 3 +7% HP]; Repulsion [EV+2, EV+3, EV+4 RMsl]; Sturdy [ER-2, ER-4, ER-6]; Sanguine [6, 9, 12 at <40%hp]
  2048 | D:3      | Iwannabefree: ??spines
  2048 | D:3      | beem: spiny[1/1]: 0.16: At mutation level x, gives a 2/(39 - 6x) chance of doing (2 + (x-1)/2)d5 - enemy AC) damage to enemies in melee combat when their attack is not blocked by the player. Subject to monster AC. Level 3 prevents constriction. 0.17+: Chance is 50% and damage is (1+x)d5.
  2180 | D:4      | Noticed Robin
  2188 | D:4      | Killed Robin
  2354 | D:4      | Noticed a slave
  2390 | D:4      | Killed a slave
  2420 | D:4      | Noticed a slave
  2422 | D:4      | Noticed Pikel
  2428 | D:4      | Paralysed by Pikel for 4 turns
  2432 | D:4      | Noticed a slave
  2435 | D:4      | Noticed a slave
  2588 | D:2      | Killed Sigmund
  2588 | D:2      | Gained mutation: You are immune to freezing clouds. [demonic ancestry]
  2588 | D:2      | Reached XP level 6. HP: 47/47 MP: 2/10
  2597 | D:2      | Iwannabefree: ??freezing cloud immunity
  2597 | D:2      | beem: I don't have a page labeled freezing_cloud_immunity in my learndb.
  2597 | D:2      | Iwannabefree: oooo
  2597 | D:2      | Iwannabefree: nice
  2756 | D:2      | Reached ** piety under Yredelemnul
  3301 | D:4      | Killed a slave
  3317 | D:4      | Killed a slave
  3320 | D:4      | Killed a slave
  3450 | D:4      | Killed from afar by a slave zombie

Vault maps used:
D:1:      ncdulo_halloftheorcs, xom_teletrap_fun
D:2:      minmay_overflow_temple_star_quad, first_bread, uniq_sigmund
D:3:      serial_bayou_lagoon_a, minmay_misc_feat_iff
D:4:      nicolae_overflow_crystal_walls, minmay_lizard_king, uniq_pikel,
          uniq_robin

Skill      XL: |  1  2  3  4  5 |
---------------+----------------+-----
Spellcasting   | 3 |  3.3
Conjurations   | 5 |  5.3
Invocations    | 1 4 |  4.1
Fighting       | 1 3 |  3.7
Dodging        | |  1.7
Stealth        | |  1.7

Action                   |  1- 3 |  4- 6 || total
-------------------------+-------+-------++-------
Melee: Dagger            |    58 |   113 ||   171
 Cast: Magic Dart        |    12 |     7 ||    19
       Searing Ray       |     3 |    15 ||    18
Invok: Animate Remains   |       |     2 ||     2
  Use: Scroll            |       |     7 ||     7
 Stab: Sleeping          |     4 |     1 ||     5
  Eat: Chunk             |     2 |     6 ||     8
       Beef jerky        |       |     1 ||     1
Armor: Robe              |     8 |       ||     8
       Leather armour    |    10 |    33 ||    43
Dodge: Dodged            |    30 |    50 ||    80
